 Dungeon Crawl Stone Soup version 0.27-a0-1188-g73eefd5def (webtiles) character file.

Game seed: 15825431488254380112

46 chippings the Cudgeller (level 3, 0/28 HPs)
             Began as a Mummy Gladiator on May 20, 2021.
             Slain by a gnoll
             ... wielding a +0 spear
              (2 damage)
             ... on level 3 of the Dungeon.
             The game lasted 00:02:18 (1832 turns).

chippings the Cudgeller (Mummy Gladiator)           Turns: 1832, Time: 00:02:19

Health: 0/28       AC: 10    Str: 24    XL:     3   Next: 46%
Magic:  3/3        EV:  8    Int:  7    God:
Gold:   130        SH:  0    Dex: 13    Spells: 2/2 levels left

rFire    x . .     SeeInvis .   a - +0 flail
rCold    + . .     Faith    .   (no shield)
rNeg     + + +     Spirit   .   h - +0 chain mail
rPois    ∞         Reflect  .   c - +0 helmet
rElec    .         Harm     .   b - +0 cloak
rCorr    .         Rampage  .   (no gloves)
Will     .....                  (no boots)
Stlth    ..........             (no amulet)
HPRegen  0.09/turn              f - +6 ring of strength
MPRegen  0.08/turn              (no ring)

@: no status effects
A: cold resistance 1, negative energy resistance 3, torment resistance 2, heat
vulnerability 1, no potions
a: no special abilities


You were on level 3 of the Dungeon.
You visited 1 branch of the dungeon, and saw 3 of its levels.

You collected 130 gold pieces.

Inventory:

Hand Weapons
 a - a +0 flail (weapon)
Missiles
 d - 3 throwing nets (quivered)
Armour
 b - a +0 cloak (worn)
 c - a +0 helmet (worn)
 h - a +0 chain mail (worn)
Jewellery
 f - a +6 ring of strength (left hand)
Scrolls
 e - a scroll of fear {unknown}
 g - a scroll of summoning {unknown}
 i - a scroll of identify {unknown}


   Skills:
 + Level 2.7 Fighting
 * Level 3.3 Maces & Flails
 - Level 1.5 Throwing
 - Level 2.4 Dodging


You had 2 spell levels left.
You didn't know any spells.
Your spell library contained the following spells:

 Spells                   Type           Power      Damage    Failure   Level
 Magic Dart               Conj           0%         1d3       99%         1
 Blink                    Tloc           N/A        N/A       99%         2
 Call Imp                 Summ           0%         N/A       99%         2
 Slow                     Hex            0%         N/A       99%         2
 Conjure Flame            Conj/Fire      0%         6-21      100%        3
 Mephitic Cloud           Conj/Pois/Air  0%         N/A       100%        3


Dungeon Overview and Level Annotations

Branches:
Dungeon (3/15)

Altars:
Cheibriados

Shops:
D:1 !


Innate Abilities, Weirdness & Mutations

You are immune to poison.
Your flesh is cold resistant. (rC+)
You are immune to negative energy. (rN+++)
You are immune to unholy pain and torment.
You are vulnerable to heat. (rF-)
You do not drink.


Message History

The slug dart hits you. The dart slug bites you.
You hit the dart slug.
The dart slug is moderately wounded.
The dart slug launches a dart at you. The slug dart misses you.
You hit the dart slug.
The dart slug is severely wounded.
The dart slug splashes around in the water.
You thump the dart slug!
You kill the dart slug!
You feel stronger.
f - a +6 ring of strength (left hand)
i - a scroll labelled OQIEMO EPPI
Okay, then.
Okay, then.
Found a stone staircase leading down.
Found 14 gold pieces.
You now have 130 gold pieces (gained 14).
Found an escape hatch in the ceiling.
Found a stone staircase leading up.
Found a stone staircase leading up. 2 gnolls come into view.
The gnoll shouts! x2
There is a stone staircase leading up here.
A gnoll comes into view. It is wielding a +0 spear.
The gnoll shouts!
You hear an angry hiss.
The gnoll hits you but does no damage. The gnoll closely misses you.
The gnoll moves out of view.
A gnoll comes into view. It is wielding a +0 spear.
You closely miss the gnoll.
The gnoll shouts!
The gnoll hits you from afar with a +0 spear.
The gnoll hits you with a +0 spear.
The gnoll hits you from afar with a +0 spear!
The gnoll hits you with a +0 spear.
The gnoll hits you from afar with a +0 spear!
* * * LOW HITPOINT WARNING * * *
The gnoll hits you from afar with a +0 spear.
You die... # .## ..# #.# ##.## gg.

# #g# .# .
#.####.##.#
#.@.......#
###........ ##
###.#......
....###......###.
#.#
......<...##.#
#.# #######.###
.# #.# #.# # #.#
#.# #.# #.# #.#


You could see 3 gnolls.

Vanquished Creatures
  3 dart slugs
  4 endoplasms
  A giant cockroach (D:1)
  6 goblins
  4 jackals (D:1)
  4 quokkas
  9 ball pythons
  A bat (D:2)
  2 frilled lizards (D:1)
  A kobold (D:2)
  2 rats (D:1)
37 creatures vanquished.

Notes
Turn   | Place    | Note
-------+----------+-------------------------------------------
     0 | D:1      | chippings the Mummy Gladiator began the quest for the Orb.
     0 | D:1      | Reached XP level 1. HP: 16/16 MP: 1/1
   159 | D:1      | Reached XP level 2. HP: 14/22 MP: 2/2
   323 | D:1      | Found Poniv's Distillery.
   598 | D:1      | Reached skill level 3 in Maces & Flails
  1014 | D:1      | Reached XP level 3. HP: 28/28 MP: 3/3
  1714 | D:3      | Found a snail-covered altar of Cheibriados.
  1832 | D:3      | Slain by a gnoll

Illustrated notes

Levels and vault maps discovered:
D:1:      ncdulo_smallfort, layout_basic, serial_shops, shop,
          hangedman_abyss_or_decor_lesser_grid, roderic_roman_lattice,
          minmay_cut_off
D:2:      layout_basic
D:3:      layout_loops_ring, kennysheep_slug_shrine,
          hellmonk_ecumenical_altar_leap_of_faith

Skill      XL: |  1  2 |
---------------+-------+-----
Maces & Flails | 3 |  3.3
Fighting       | |  2.7
Throwing       | |  1.5
Dodging        | |  2.4

Action                   || total
-------------------------++-------
Melee: Flail             ||   102
Armor: Ring mail         ||    47
       Chain mail        ||    14
Dodge: Dodged            ||    70

Table legend: (Time is in decaauts)
 A = Elapsed time spent in this place.
 B = Non-inter-level travel time spent in this place.
 C = Inter-level travel time spent in this place.
 D = Time resting spent in this place.
 E = Time spent auto-exploring this place.
 F = Levels seen in this place.
 G = Mean time per level.
                   A        B        C        D        E       F      G
               +--------+--------+--------+--------+--------+-----+--------+
         Total |   1862 |   1822 |     40 |      0 |   1373 |   3 |  620.7 |
       Dungeon |   1862 |   1822 |     40 |      0 |   1373 |   3 |  620.7 |
               +--------+--------+--------+--------+--------+-----+--------+

Top non-repeatable levels by time:
     D:1: 1194 daAuts
     D:2: 473 daAuts
     D:3: 194 daAuts
